TOP OF THE 1ST |
Batavia Muckdogs batting - Pitching for Rome Braves : RHP Marvin Rosas
|
Pitching: RHP Marvin Rosas
|
|
Batting: SHB Justin Corbett
|
0-0: Ball 1-0: Ball 2-0: Called Strike 2-1: Ball 3-1: Called Strike 3-2: Ground out 5-3 (Groundball, 56, EV 80.0 MPH)
|
Batting: LHB Danny Treto
|
0-0: Foul Ball, location: 2F 0-1: Foul Ball, location: 2F 0-2: Ball 1-2: Ball 2-2: Ball 3-2: Fly out, F3 (Line Drive, 3, EV 70.6 MPH)
|
Batting: RHB Reomel Somera
|
0-0: Called Strike 0-1: Ball 1-1: Ball 2-1: Fly out, F8 (Flyball, 8RD, EV 85.6 MPH)
|
Top of the 1st over - 0 runs, 0 hits, 0 errors, 0 left on base; Batavia 0 - Rome 0 |
BOTTOM OF THE 1ST |
Rome Braves batting - Pitching for Batavia Muckdogs : RHP Mike Shields
|
Pitching: RHP Mike Shields
|
|
Batting: RHB Rafael Reyes
|
0-0: Called Strike 0-1: Ball 1-1: Swinging Strike 1-2: Ball 2-2: Ball 3-2: Strikes out swinging
|
Batting: RHB Chris Trites
|
0-0: Ball 1-0: Called Strike 1-1: Foul Ball, location: 2F 1-2: Strikes out looking
|
Batting: LHB Ricardo Sandoval
|
0-0: Called Strike 0-1: Swinging Strike 0-2: Foul Ball, location: 2F 0-2: Strikes out swinging
|
Bottom of the 1st over - 0 runs, 0 hits, 0 errors, 0 left on base; Batavia 0 - Rome 0 |
TOP OF THE 2ND |
Batavia Muckdogs batting - Pitching for Rome Braves : RHP Marvin Rosas
|
Batting: RHB George Boivin
|
0-0: Ball 1-0: Fly out, F7 (Flyball, 78S, EV 85.6 MPH)
|
Batting: RHB Jim Fisher
|
0-0: Ball 1-0: Called Strike 1-1: Ball 2-1: SINGLE (Groundball, 56D, EV 95.6 MPH)
|
Batting: RHB Jason Thrash
|
0-0: Ball 1-0: Ball 2-0: Foul Ball, location: 2F 2-1: Grounds into double play, 4-6-3 (Groundball, 4M, EV 87.5 MPH)
|
Top of the 2nd over - 0 runs, 1 hit, 0 errors, 0 left on base; Batavia 0 - Rome 0 |
BOTTOM OF THE 2ND |
Rome Braves batting - Pitching for Batavia Muckdogs : RHP Mike Shields
|
Batting: LHB Tamaichi Sasada
|
0-0: Foul Ball, location: 2F 0-1: Swinging Strike 0-2: Foul Ball, location: 2F 0-2: Ball 1-2: Strikes out swinging
|
Batting: SHB Karl Starnes
|
0-0: Ground out 5-3 (Groundball, 56, EV 90.6 MPH)
|
Batting: RHB Costantino Dolfini
|
0-0: Swinging Strike 0-1: Ball 1-1: Called Strike 1-2: Strikes out swinging
|
Bottom of the 2nd over - 0 runs, 0 hits, 0 errors, 0 left on base; Batavia 0 - Rome 0 |
TOP OF THE 3RD |
Batavia Muckdogs batting - Pitching for Rome Braves : RHP Marvin Rosas
|
Batting: RHB Hiromitsu Yamada
|
0-0: Called Strike 0-1: Ball 1-1: Ball 2-1: Foul Ball, location: 2F 2-2: Foul Ball, location: 2F 2-2: Ball 3-2: Base on Balls
|
Batting: RHB Jeremy Dennis
|
0-0: Called Strike 0-1: Ball 1-1: Swinging Strike 1-2: Foul Ball, location: 2F 1-2: Foul Ball, location: 2F 1-2: Strikes out looking Hiromitsu Yamada steals 2nd base Batter strikes out.
|
Batting: RHB Junro Kato
|
0-0: Ball 1-0: Ball Hiromitsu Yamada steals 3rd base 2-0: Foul Ball, location: 2F 2-1: Foul Ball, location: 2F 2-2: Foul Ball, location: 2F 2-2: Strikes out swinging
|
Batting: SHB Justin Corbett
|
0-0: Ball 1-0: Ball 2-0: Ball 3-0: Called Strike 3-1: Called Strike 3-2: Ground out 4-3 (Groundball, 4, EV 86.2 MPH)
|
Top of the 3rd over - 0 runs, 0 hits, 0 errors, 1 left on base; Batavia 0 - Rome 0 |
BOTTOM OF THE 3RD |
Rome Braves batting - Pitching for Batavia Muckdogs : RHP Mike Shields
|
Batting: RHB Dave Pizarro
|
0-0: Ball 1-0: Called Strike 1-1: Called Strike 1-2: SINGLE (Flyball, 8RS, EV 89.4 MPH)
|
Batting: LHB Jason Herr
|
0-0: Called Strike 0-1: Swinging Strike 0-2: Strikes out swinging
|
Batting: RHB Tony Cabrera
|
0-0: Swinging Strike 0-1: Ball 1-1: Foul Ball, location: 2F 1-2: Ball 2-2: Ball 3-2: Ground out 6-3 (Groundball, 6S, EV 90.0 MPH) Dave Pizarro to second
|
Batting: RHB Rafael Reyes
|
0-0: DOUBLE (Flyball, 8RD, EV 100.0 MPH) Dave Pizarro scores
|
Batting: RHB Chris Trites
|
0-0: Called Strike 0-1: Hit by Pitch
|
Batting: LHB Ricardo Sandoval
|
0-0: Ball 1-0: Foul Ball, location: 2F 1-1: Called Strike 1-2: Foul Ball, location: 2F 1-2: Strikes out swinging
|
Bottom of the 3rd over - 1 run, 2 hits, 0 errors, 2 left on base; Batavia 0 - Rome 1 |
TOP OF THE 4TH |
Batavia Muckdogs batting - Pitching for Rome Braves : RHP Marvin Rosas
|
Batting: LHB Danny Treto
|
0-0: Called Strike 0-1: Called Strike 0-2: Ball 1-2: Ball 2-2: Foul Ball, location: 2F 2-2: Ball 3-2: Ground out 6-3 (Groundball, 4M, EV 91.9 MPH)
|
Batting: RHB Reomel Somera
|
0-0: Ball 1-0: Ball 2-0: Ball 3-0: Foul Ball, location: 2F 3-1: Base on Balls
|
Batting: RHB George Boivin
|
0-0: Called Strike Reomel Somera steals 2nd base 0-1: Ball 1-1: Ground out 6-3 (Groundball, 6S, EV 82.5 MPH)
|
Batting: RHB Jim Fisher
|
0-0: Foul Ball, location: 2F 0-1: Foul Ball, location: 2F 0-2: Foul Ball, location: 2F 0-2: Ball Wild Pitch! Reomel Somera to third 1-2: SINGLE (Groundball, 6MD, EV 101.9 MPH) Reomel Somera scores
|
Batting: RHB Jason Thrash
|
0-0: Ball 1-0: Swinging Strike 1-1: Ball 2-1: Swinging Strike 2-2: DOUBLE (Line Drive, 89D, EV 110.0 MPH) Jim Fisher to third
|
Batting: RHB Hiromitsu Yamada
|
0-0: Foul Ball, location: 2F 0-1: Foul Ball, location: 2F 0-2: Strikes out looking
|
Top of the 4th over - 1 run, 2 hits, 0 errors, 2 left on base; Batavia 1 - Rome 1 |
BOTTOM OF THE 4TH |
Rome Braves batting - Pitching for Batavia Muckdogs : RHP Mike Shields
|
Batting: LHB Tamaichi Sasada
|
0-0: Called Strike 0-1: Called Strike 0-2: Ground out 5-3 (Groundball, 6, EV 82.5 MPH)
|
Batting: SHB Karl Starnes
|
0-0: Fly out, F8 (Flyball, 8LM, EV 85.6 MPH)
|
Batting: RHB Costantino Dolfini
|
0-0: Fly out, F7 (Flyball, 7D, EV 81.2 MPH)
|
Bottom of the 4th over - 0 runs, 0 hits, 0 errors, 0 left on base; Batavia 1 - Rome 1 |
TOP OF THE 5TH |
Batavia Muckdogs batting - Pitching for Rome Braves : RHP Marvin Rosas
|
Batting: RHB Jeremy Dennis
|
0-0: Swinging Strike 0-1: Called Strike 0-2: Ball 1-2: Ball 2-2: Ground out 3-1 (Groundball, 34, EV 83.1 MPH)
|
Batting: RHB Junro Kato
|
0-0: Swinging Strike 0-1: Swinging Strike 0-2: Fly out, F6 (Line Drive, 6, EV 63.8 MPH)
|
Batting: SHB Justin Corbett
|
0-0: Ball 1-0: Ball 2-0: Ball 3-0: Called Strike 3-1: Foul Ball, location: 2F 3-2: Ground out U3 (Groundball, 34, EV 90.0 MPH)
|
Top of the 5th over - 0 runs, 0 hits, 0 errors, 0 left on base; Batavia 1 - Rome 1 |
BOTTOM OF THE 5TH |
Rome Braves batting - Pitching for Batavia Muckdogs : RHP Mike Shields
|
Batting: RHB Dave Pizarro
|
0-0: Ball 1-0: Foul Ball, location: 2F 1-1: Fly out, F8 (Flyball, 8RM, EV 90.6 MPH)
|
Batting: LHB Jason Herr
|
0-0: Called Strike 0-1: Foul Ball, location: 2F 0-2: Ball 1-2: Ball 2-2: SINGLE (Line Drive, 56, EV 93.8 MPH)
|
Batting: RHB Tony Cabrera
|
0-0: Ball 1-0: Called Strike 1-1: TRIPLE (Line Drive, 9D, EV 108.8 MPH) Jason Herr scores
|
Batting: RHB Rafael Reyes
|
0-0: Foul Ball, location: 2F 0-1: Foul Ball, location: 2F 0-2: Foul Ball, location: 2F 0-2: Foul Ball, location: 2F 0-2: Ball 1-2: Ground out 5-3 (Groundball, 56S, EV 72.5 MPH)
|
Batting: RHB Chris Trites
|
0-0: Ball 1-0: Ball 2-0: Foul Ball, location: 2F 2-1: Foul Ball, location: 2F 2-2: Foul Ball, location: 2F 2-2: Strikes out looking
|
Bottom of the 5th over - 1 run, 2 hits, 0 errors, 1 left on base; Batavia 1 - Rome 2 |
TOP OF THE 6TH |
Batavia Muckdogs batting - Pitching for Rome Braves : RHP Marvin Rosas
|
Pitching: RHP Wami Benthami
|
|
Batting: LHB Danny Treto
|
0-0: Ball 1-0: Ball 2-0: Called Strike 2-1: Foul Ball, location: 2F 2-2: Ground out 4-3 (Groundball, 4M, EV 86.2 MPH)
|
Batting: RHB Reomel Somera
|
0-0: Hit by Pitch
|
Batting: RHB George Boivin
|
0-0: Ball 1-0: Ball Reomel Somera steals 2nd base 2-0: Called Strike 2-1: SINGLE (Groundball, 13S, EV 66.9 MPH) (infield hit) Reomel Somera to third
|
Batting: RHB Jim Fisher
|
0-0: Ball 1-0: Foul Ball, location: 2F 1-1: Called Strike 1-2: Foul Ball, location: 2F 1-2: Ball Wild Pitch! Reomel Somera scores George Boivin to second 2-2: Strikes out swinging
|
Batting: RHB Jason Thrash
|
0-0: Ball 1-0: Swinging Strike 1-1: Fly out, F8 (Flyball, 8RD, EV 102.5 MPH)
|
Top of the 6th over - 1 run, 1 hit, 0 errors, 1 left on base; Batavia 2 - Rome 2 |
BOTTOM OF THE 6TH |
Rome Braves batting - Pitching for Batavia Muckdogs : RHP Mike Shields
|
Batting: LHB Ricardo Sandoval
|
0-0: Ground out 4-3 (Groundball, 4D, EV 102.5 MPH)
|
Batting: LHB Tamaichi Sasada
|
0-0: Ball 1-0: Called Strike 1-1: Ball 2-1: Fly out, F9 (Flyball, 9, EV 80.0 MPH)
|
Batting: SHB Karl Starnes
|
0-0: Swinging Strike 0-1: Ball 1-1: Foul Ball, location: 2F 1-2: Strikes out swinging
|
Bottom of the 6th over - 0 runs, 0 hits, 0 errors, 0 left on base; Batavia 2 - Rome 2 |
TOP OF THE 7TH |
Batavia Muckdogs batting - Pitching for Rome Braves : RHP Wami Benthami
|
Batting: RHB Hiromitsu Yamada
|
0-0: Foul Ball, location: 2F 0-1: Called Strike 0-2: Ball 1-2: Foul Ball, location: 2F 1-2: Strikes out looking
|
Batting: RHB Jeremy Dennis
|
0-0: Called Strike 0-1: Foul Ball, location: 2F 0-2: Ball 1-2: Ball 2-2: Strikes out swinging
|
Batting: RHB Junro Kato
|
0-0: Foul Ball, location: 2F 0-1: Foul Ball, location: 2F 0-2: Strikes out swinging
|
Top of the 7th over - 0 runs, 0 hits, 0 errors, 0 left on base; Batavia 2 - Rome 2 |
BOTTOM OF THE 7TH |
Rome Braves batting - Pitching for Batavia Muckdogs : RHP Mike Shields
|
Batting: RHB Costantino Dolfini
|
0-0: Called Strike 0-1: Foul Ball, location: 2F 0-2: Ball 1-2: SINGLE (Line Drive, 4MD, EV 97.5 MPH)
|
Batting: RHB Dave Pizarro
|
0-0: Ball 1-0: Reached on error, E5 (Groundball, 5S, EV 43.8 MPH) Costantino Dolfini to third
|
Batting: LHB Jason Herr
|
0-0: SINGLE (Groundball, 34D, EV 95.0 MPH) Costantino Dolfini scores Dave Pizarro to third Runner from 3rd tries for Home, SAFE, throw by RF to home
|
Batting: RHB Tony Cabrera
|
0-0: Ball 1-0: Sac Bunt to 13S - play at first, batter OUT! 1-3 Jason Herr to second
|
Batting: RHB Rafael Reyes
|
0-0: Swinging Strike 0-1: Called Strike 0-2: SINGLE (Line Drive, 4MD, EV 103.8 MPH) Jason Herr to third Runner from 3rd tries for Home, SAFE, throw by CF to home
|
Pitching: RHP Tim Sherrill
|
|
Batting: RHB Chris Trites
|
0-0: Ball Rafael Reyes steals 2nd base (no throw) 1-0: Ball 2-0: Called Strike 2-1: Called Strike 2-2: Foul Ball, location: 2F 2-2: Ball 3-2: Strikes out swinging
|
Batting: LHB Ricardo Sandoval
|
0-0: Ball Rafael Reyes steals 3rd base 1-0: Ground out U3 (Groundball, 34, EV 84.4 MPH)
|
Bottom of the 7th over - 3 runs, 3 hits, 1 error, 1 left on base; Batavia 2 - Rome 5 |
TOP OF THE 8TH |
Batavia Muckdogs batting - Pitching for Rome Braves : RHP Wami Benthami
|
Pitching: LHP Tyler Portier
|
|
Now in LF: Ricardo Sandoval
|
|
Now in CF: Yutaka Yamane
|
|
Batting: SHB Justin Corbett
|
0-0: Ball 1-0: Called Strike 1-1: Called Strike 1-2: Foul Ball, location: 2F 1-2: Ball 2-2: Ball 3-2: Foul Ball, location: 2F 3-2: Ground out 6-3 (Groundball, 6, EV 92.5 MPH)
|
Batting: LHB Danny Treto
|
0-0: Ball 1-0: Called Strike 1-1: Foul Ball, location: 2F 1-2: Ball 2-2: Foul Ball, location: 2F 2-2: Fly out, F9 (Flyball, 9LD, EV 83.8 MPH)
|
Batting: RHB Reomel Somera
|
0-0: Called Strike 0-1: Ball 1-1: Fly out, F8 (Flyball, 8RXD, EV 88.1 MPH)
|
Top of the 8th over - 0 runs, 0 hits, 0 errors, 0 left on base; Batavia 2 - Rome 5 |
BOTTOM OF THE 8TH |
Rome Braves batting - Pitching for Batavia Muckdogs : RHP Tim Sherrill
|
Batting: LHB Tamaichi Sasada
|
0-0: Ball 1-0: Foul Ball, location: 2F 1-1: Ball 2-1: Ground out 6-3 (Groundball, 4S, EV 88.8 MPH)
|
Batting: SHB Karl Starnes
|
0-0: Fly out, F9 (Flyball, 9, EV 92.5 MPH)
|
Batting: RHB Costantino Dolfini
|
0-0: Foul Ball, location: 2F 0-1: Called Strike 0-2: Strikes out swinging
|
Bottom of the 8th over - 0 runs, 0 hits, 0 errors, 0 left on base; Batavia 2 - Rome 5 |
TOP OF THE 9TH |
Batavia Muckdogs batting - Pitching for Rome Braves : LHP Tyler Portier
|
Pitching: RHP Jimmy Loudner
|
|
Now at 1B: Manny Hensley
|
|
Batting: RHB George Boivin
|
0-0: Foul Ball, location: 2F 0-1: Foul Ball, location: 2F 0-2: Ball 1-2: Strikes out looking
|
Batting: RHB Jim Fisher
|
0-0: Fly out, F7 (Flyball, 7D, EV 102.5 MPH)
|
Batting: RHB Jason Thrash
|
0-0: Foul Ball, location: 2F 0-1: Swinging Strike 0-2: Ground out U3 (Groundball, 3, EV 95.0 MPH)
|
Top of the 9th over - 0 runs, 0 hits, 0 errors, 0 left on base; Batavia 2 - Rome 5 |
|